 Dungeon Crawl Stone Soup version 0.31-a0-1388-g4b2ba238e7 (webtiles) character file.

Game seed: 1666275303878714301

961 MisterAzrael the Trooper (level 8, -4/60 HPs)
             Began as a Djinni Cinder Acolyte on Dec 24, 2023.
             Was an Initiate of Ignis.
             Killed from afar by an orc wizard (5 damage)
             ... with a magic dart
             ... on level 6 of the Dungeon.
             The game lasted 00:09:44 (5218 turns).

MisterAzrael the Trooper (Djinni Cinder Acolyte)    Turns: 5218, Time: 00:09:44

Health: -4/60      AC:  4    Str: 13    XL:     8   Next: 37%
Gold:   339        EV: 11    Int: 19    God:    Ignis [......] SH:  0 Dex:  8

rFire   + + +        n - +4 quarterstaff (chaos)
rCold   x . .        (shield currently unavailable)
rNeg    . . .        b - +0 robe
rPois   ∞            d - +1 hat
rElec   .            o - +0 cloak
rCorr   .            (no gloves)
SInv    .            (boots unavailable)
Will    +....        (no amulet)
Stlth   +            q - ring of willpower
HPRegen 0.30/turn    (no ring)
MPRegen 0.00/turn

%: infuse magic (-5 HP)
@: flying
A: sickness immunity, fire resistance 2, cold vulnerability 1, float, innate
caster, HP casting, extra vitality 1
a: Renounce Religion


You were on level 6 of the Dungeon.
You worshipped Ignis.
Ignis was noncommittal.
You visited 2 branches of the dungeon, and saw 7 of its levels.
You also visited: Sewer.

You collected 339 gold pieces.

Inventory:

Hand Weapons
 a - a -1 falchion of flaming
 h - a +3 short sword of speed
 n - a +4 quarterstaff of chaos (weapon)
Armour
 b - a +0 robe (worn)
 d - a +1 hat (worn)
 o - a +0 cloak (worn)
Jewellery
 q - a ring of willpower (left hand)
Wands
 t - a wand of iceblast (5)
Scrolls
 c - 8 scrolls of identify {unknown}
 e - a scroll of revelation {unknown}
 g - 3 scrolls of noise {unknown}
 i - 3 scrolls of summoning {unknown}
 k - a scroll of fog {unknown}
 l - a scroll of enchant weapon {unknown}
 m - a scroll of brand weapon {unknown}
 p - a scroll of acquirement {unknown}
 s - 3 scrolls of teleportation {unknown}
 v - 3 scrolls of blinking {unknown}
 y - a scroll of silence {unknown}
 B - 2 scrolls of amnesia {unknown}
Potions
 f - a potion of degeneration {unknown}
 j - 2 potions of resistance {unknown}
 r - 2 potions of lignification {unknown}
 u - 2 potions of haste {unknown}
 w - a potion of might {unknown}
 x - 2 potions of curing {unknown}
 z - 2 potions of cancellation {unknown}
 A - 2 potions of brilliance {unknown}
 C - a potion of enlightenment {unknown}


   Skills:
 + Level 5.4 Fighting
 - Level 2.5(3.3) Short Blades
 - Level 3.1(3.6) Long Blades
 * Level 4.7 Staves
 + Level 4.1 Spellcasting
 + Level 4.1 Conjurations
 + Level 4.1 Hexes
 + Level 4.1 Summonings
 + Level 4.1 Necromancy
 + Level 4.1 Translocations
 + Level 4.1 Fire Magic
 + Level 4.1 Ice Magic
 + Level 4.1 Air Magic
 + Level 4.1 Earth Magic
 + Level 4.1 Alchemy


You knew the following spells:

 Your Spells              Type           Power      Damage    Failure   Level
a - Scorch                Fire           38%        2d6       3%          2
b - Sandblast             Erth           38%        2d10      2%          1
c - Mercury Vapours       Alch/Air       38%        N/A       3%          2
d - Swiftness             Air            19%        N/A       8%          3
Your spell library was empty.

Dungeon Overview and Level Annotations

Branches:
Dungeon (6/15)             Temple (1/1) D:5           Sewer (visited)

Altars:
Dithmenos
Elyvilon
Gozag
Okawaru
Qazlal
Trog
Uskayaw
Yredelemnul
Zin
The Shining One

Annotations:
D:6 3 runed translucent doors, bmb222's ghost, novice FoMo


Innate Abilities, Weirdness & Mutations

You are immune to sickness and miasma.
You are immune to poison.
Your flesh is very heat resistant. (rF++)
You are vulnerable to cold. (rC-)
You float through the air rather than walking.
You learn spells naturally, not from books.
Your magical power is your life essence.
You have superior vitality. (+4 MHP)


Message History

The centaur kicks you.
You hit the centaur but do no damage.
The centaur is almost dead.
The centaur hits you. The centaur completely misses you. Something hits you.
The orc priest calls down the wrath of Beogh upon you.
Beogh smites you! The centaur misses you.
The centaur kicks you but does no damage.
Something hits you.
You hit the centaur. You burn the centaur.
You kill the centaur!
The white imp picks up a beetle and eats it.
You barely miss the orc priest.
The orc priest hits you with a +2 dagger of freezing.
The orc priest freezes you. The orc closely misses you. Something hits you.
You barely miss the orc priest.
The orc priest hits you with a +2 dagger of freezing.
The orc priest freezes you.
* * * LOW HITPOINT WARNING * * *
The gnoll barely misses you.
You hear some strange, mumbled words.
A puff of flame appears from out of thin air!
The puff of flame hits you. You resist.
* * * LOW HITPOINT WARNING * * *
The white imp disappears for a moment.
Something hits you but does no damage. The orc priest misses you.
The white imp grins evilly.
Something hits you but does no damage.
The orc priest attacks as it pursues you!
The orc priest hits you but does no damage.
Something hits you.
* * * LOW HITPOINT WARNING * * *
There is a stone staircase leading up here.
The orc priest mumbles some strange prayers to Beogh against you.
Beogh smites you!
* * * LOW HITPOINT WARNING * * *
You hear some strange, mumbled words.
A magic dart appears from out of thin air!
The magic dart hits you.
You die...

..g.g..g..#....# ...# #.......
#....o.##.##....###...# +.......
#......##..##........ #....###
............###.5W5. . #....##.
..............##### .. #.......
.......#####..)...###... #.......
#......##....#.gg........###+###.
#......##......#o{.............#.
........#......#@..............#'
#......+.................
.'......#.................
..#......#.................
.##......##########........
#...... #........ #........
......... .....##..


You could see an orc priest, bmb222's ghost, 2 gnolls and a white imp.

Vanquished Creatures
  A golden eye (D:5)
  A crocodile (Sewer)
  An ice beast (D:6)
  A centaur (D:6)
  2 scorpions
  2 bombardier beetles (D:5)
  A hound (D:5)
  2 orc priests
  Crazy Yiuf (D:2)
  Jessica (D:2)
  Natasha (D:2)
  2 orc wizards (D:5)
  3 gnolls (D:2)
  An adder (D:2)
  2 ufetubi (D:6)
  A worm (D:3)
  8 dart slugs
  24 orcs
  4 ball pythons
  6 bats
  2 endoplasms
  3 giant cockroaches
  8 goblins
  6 hobgoblins
  6 jackals
  6 kobolds
  7 quokkas
  4 frilled lizards
  6 rats
113 creatures vanquished.

Vanquished Creatures (others)
  An orc zombie (D:6)
  85 foxfires (D:5)
86 creatures vanquished.

Grand Total: 199 creatures vanquished

Notes
Turn   | Place    | Note
-------+----------+-------------------------------------------
     0 | D:1      | MisterAzrael the Djinni Cinder Acolyte began the quest for
                  | the Orb.
     0 | D:1      | MisterAzrael set off with the following spells memorised:
                  | Scorch.
     0 | D:1      | Reached XP level 1. HP: 20/20 MP: 0/0
    70 | D:1      | Reached XP level 2. HP: 22/25 MP: 0/0
   580 | D:1      | Reached XP level 3. HP: 28/30 MP: 0/0
   580 | D:1      | Learned a level 1 spell: Sandblast
   868 | D:2      | Reached skill level 1 in Short Blades
   869 | D:2      | Reached XP level 4. HP: 22/35 MP: 0/0
  1083 | D:2      | Noticed Jessica
  1087 | D:2      | Killed Jessica
  1296 | D:2      | Reached XP level 5. HP: 35/40 MP: 0/0
  1296 | D:2      | Learned a level 2 spell: Mercury Vapours
  1338 | D:2      | Noticed Natasha
  1346 | D:2      | Killed Natasha
  1672 | D:2      | Found a runed translucent door.
  1673 | D:2      | Noticed Crazy Yiuf
  1954 | D:2      | Killed Crazy Yiuf
  2099 | D:3      | Reached skill level 4 in Fighting
  2099 | D:3      | Reached XP level 6. HP: 24/47 MP: 0/0
  2101 | D:3      | Reached skill level 1 in Staves
  2433 | D:3      | Found a glowing drain.
  2455 | Sewer    | Entered a sewer
  2544 | Sewer    | Noticed a crocodile
  2550 | Sewer    | Killed a crocodile
  3219 | D:4      | Reached XP level 7. HP: 37/53 MP: 0/0
  3219 | D:4      | Learned a level 3 spell: Swiftness
  3551 | D:5      | Entered Level 5 of the Dungeon
  3560 | D:5      | Found a staircase to the Ecumenical Temple.
  3663 | D:4      | You are sucked into a shaft and drop 1 floor!
  3675 | Temple   | Entered the Ecumenical Temple
  3832 | D:5      | Noticed a golden eye
  3865 | D:5      | Killed a golden eye
  4029 | D:5      | Reached skill level 5 in Fighting
  4241 | D:5      | Reached XP level 8. HP: 56/59 MP: 0/0
  4866 | D:6      | Found a runed translucent gate.
  4866 | D:6      | Found a runed translucent gate.
  4866 | D:6      | Found a runed translucent gate.
  4902 | D:6      | HP: 2/59 [centaur/arrow (8)]
  5204 | D:6      | Noticed bmb222's ghost (novice FoMo)
  5218 | D:6      | HP: 1/60 [orc priest/divine providence (15)]
  5218 | D:6      | Killed from afar by an orc wizard

Illustrated notes

Levels and vault maps discovered:
D:1:      dpeg_chamrin_arrival_tetris, layout_rooms, serial_forest,
          infiniplex_forest_straight_2, infiniplex_forest_end_double,
          infiniplex_forest_zigzag_2, infiniplex_forest_corner_1
D:2:      layout_loops_ring, uniq_natasha, uniq_crazy_yiuf_cottage, uniq_jessica
D:3:      layout_loops_ring, portal_sewer_entry_f
D:4:      layout_basic
D:5:      layout_basic, minmay_temple_entry_waves
D:6:      layout_gridville, kennysheep_mini_moat, gammafunk_ghost_icy,
          hangedman_decor_slide_cut, amcnicky_mini_corridor_feature,
          kennysheep_nondescript, hangedman_abyss_or_decor_stabs
Temple:   nicolae_temple_figure_eight

Skill      XL: |  1  2  3  4  5  6  7  8 |
---------------+-------------------------+-----
Long Blades    | 3 |  3.1
Short Blades   | 1 2 |  2.5
Spellcasting   | 3 4 |  4.1
Conjurations   | 3 4 |  4.1
Hexes          | 3 4 |  4.1
Summonings     | 3 4 |  4.1
Necromancy     | 3 4 |  4.1
Translocations | 3 4 |  4.1
Fire Magic     | 3 4 |  4.1
Ice Magic      | 3 4 |  4.1
Air Magic      | 3 4 |  4.1
Earth Magic    | 3 4 |  4.1
Alchemy        | 3 4 |  4.1
Fighting       | 4 5 |  5.4
Staves         | 2 4 |  4.7

Action                     |  1- 3 |  4- 6 |  7- 9 || total
---------------------------+-------+-------+-------++-------
  Melee: Falchion          |    81 |       |       ||    81
         Punch             |     2 |       |       ||     2
         Short sword       |    12 |    35 |       ||    47
         Quarterstaff      |       |    72 |    92 ||   164
   Cast: Sandblast         |     3 |     3 |       ||     6
         Mercury Vapours   |       |    18 |       ||    18
         Swiftness         |       |       |     2 ||     2
 Invoke: Fiery Armour      |     2 |     2 |       ||     4
         Foxfire Swarm     |       |       |     6 ||     6
         Rising Flame      |       |       |     1 ||     1
   Stab: Sleeping          |       |     1 |       ||     1
 Armour: Robe              |    68 |    82 |   126 ||   276
  Dodge: Dodged            |    85 |    53 |    94 ||   232

Table legend: (Time is in decaauts)
 A = Elapsed time spent in this place.
 B = Non-inter-level travel time spent in this place.
 C = Inter-level travel time spent in this place.
 D = Time resting spent in this place.
 E = Time spent auto-exploring this place.
 F = Levels seen in this place.
 G = Mean time per level.
                   A        B        C        D        E       F      G
               +--------+--------+--------+--------+--------+-----+--------+
         Total |   5236 |   5149 |     87 |    767 |   3421 |   8 |  654.5 |
       Dungeon |   5041 |   4954 |     87 |    767 |   3309 |   6 |  840.2 |
        Temple |     38 |     38 |      0 |      0 |      0 |   1 |   38.0 |
         Sewer |    155 |    155 |      0 |      0 |    112 |   1 |  155.0 |
               +--------+--------+--------+--------+--------+-----+--------+

Top non-repeatable levels by time:
     D:2: 1225 daAuts
     D:5: 1211 daAuts
     D:3: 881 daAuts
     D:1: 821 daAuts
     D:4: 497 daAuts
     D:6: 404 daAuts
   Sewer: 155 daAuts
  Temple: 38 daAuts
